Map: [ESL] Inside and Out

Players

Serral

  • Race: Zerg Zerg
  • League: Master
  • Spawn Location: 1:00

MaxPax - Winner!

  • Race: Protoss Protoss
  • League: Grandmaster
  • Spawn Location: 7:00

VOD

Have the link to the VOD?

Description

Time

  • Played on: Nov. 4, 2022, 11:47 a.m.
  • Length: 13:21
Show
View Real Time Build Order
Export as new Build Order

Serral Zerg 

Build Orders: Hatch First 

Get SALT Encoding   

  12  0:00  Drone  
  13  0:12  Overlord  
  13  0:16  Drone  
  14  0:31  Drone x2  
  16  0:44  Drone  
  17  0:51  Hatchery  
  17  0:55  Drone  
  17  0:58  Drone  
  18  1:09  Extractor  
  17  1:14  Spawning Pool  
  17  1:18  Drone  
  17  1:21  Drone  
  18  1:29  Drone  
  19  1:39  Drone  
  20  1:49  Overlord  
  20  2:00  Queen  
  22  2:03  Queen  
  22  2:04  Zergling x4  
  26  2:10  Drone  
  26  2:13  Metabolic Boost  
  26  2:15  Drone  
  28  2:21  Drone  
  29  2:25  Drone  
  30  2:39  Hatchery  
  29  2:44  Queen  
  32  2:51  Zergling x2  
  32  2:52  Drone  
  33  2:58  Overlord  
  33  3:02  Drone x3  
  36  3:10  Drone  
  36  3:12  Overlord  
  36  3:17  Drone x3  
  36  3:18  Drone  
  40  3:22  Drone x2  
  40  3:24  Drone  
  43  3:30  Queen  
  44  3:36  Queen  
  44  3:37  Drone  
  44  3:40  Drone  
  48  3:42  Drone  
  48  3:46  Drone x2  
  51  3:52  Drone, Roach Warren  
  51  3:53  Drone  
  51  3:55  Drone  
  53  3:59  Overlord  
  53  4:00  Drone  
  54  4:03  Zergling x4  
  54  4:07  Zergling x4  
  58  4:18  Zergling x10, Overlord  
  58  4:19  Zergling x2  
  63  4:25  Spore Crawler  
  63  4:29  Overlord  
  62  4:31  Zergling x4  
  62  4:36  Spore Crawler, Extractor  
  66  4:38  Roach x3  
  66  4:43  Zergling x4, Overlord  
  66  4:44  Zergling x2  
  71  4:46  Overlord  
  71  4:55  Roach x2  
  71  4:58  Zergling x4  
  71  4:59  Zergling x2  
  78  5:02  Roach x2  
  78  5:03  Roach x2  
  85  5:09  Overlord  
  85  5:11  Roach  
  86  5:15  Roach  
  71  5:26  Roach  
  58  5:36  Drone x2  
  58  5:38  Drone x2  
  58  5:39  Drone x2  
  58  5:42  Drone x3  
  64  5:44  Drone  
  64  5:49  Drone  
  58  5:54  Drone  
  58  5:58  Drone  
  58  6:00  Drone  
  57  6:05  Drone  
  51  6:11  Drone  
  51  6:23  Drone  
  50  6:26  Drone  
  50  6:30  Drone  
  50  6:32  Drone  
  53  6:35  Drone  
  53  6:39  Drone  
  55  6:41  Drone  
  55  6:43  Drone  
  57  6:47  Drone x2  
  57  6:49  Drone  
  57  6:50  Drone  
  61  6:55  Drone x2  
  61  6:57  Drone  
  61  7:00  Drone x2  
  66  7:04  Roach  
  68  7:09  Zergling x6  
  68  7:13  Overlord  
  71  7:20  Drone x4  
  75  7:24  Roach  
  75  7:26  Ravager  
  76  7:37  Drone x4  
  76  7:38  Drone x5  
  76  7:43  Lair  
  84  7:47  Drone x3  
  87  7:54  Roach  
  89  7:59  Roach x3  
  89  8:00  Extractor  
  89  8:03  Overlord  
  89  8:05  Roach  
  95  8:09  Zergling x8  
  99  8:13  Zergling x2  
  99  8:15  Zergling x2  
  99  8:18  Ravager  
  99  8:27  Zergling x14, Roach x2  
  96  8:35  Roach x2  
  96  8:37  Roach  
  96  8:39  Zergling x4  
  96  8:40  Queen x3  
  103  8:45  Roach  
  103  8:47  Roach  
  99  8:53  Roach x2  
  97  8:59  Extractor  
  97  9:00  Ravager  
  97  9:01  Drone x9  
  106  9:04  Zergling x2  
  100  9:10  Zergling x4  
  100  9:13  Zergling x2  
  100  9:15  Glial Reconstitution  
  100  9:21  Zergling x4  
  102  9:25  Ravager  
  102  9:29  Zergling x14  
  109  9:33  Roach  
  109  9:35  Zergling x4  
  106  9:43  Roach  
  106  9:45  Roach  
  106  9:46  Queen x3  
  106  9:48  Overlord  
  109  9:59  Ravager  
  107  10:00  Zergling x14  
  107  10:03  Roach  
  107  10:04  Zergling x2  
  106  10:07  Hatchery, Roach  
  106  10:11  Roach x3  
  109  10:15  Ravager x2  
  109  10:16  Ravager  
  109  10:17  Roach, Ravager  
  113  10:21  Roach x2  
  109  10:29  Roach x4  
  109  10:32  Roach x2  
  121  10:38  Ravager  
  122  10:46  Overlord x3  
  122  10:48  Evolution Chamber  
  119  10:57  Zergling x6  
  119  11:00  Zergling x4  
  120  11:10  Zergling x16  
  122  11:15  Zerg Melee Weapons Level 1  
  122  11:16  Ravager  
  123  11:20  Roach x8  
  123  11:23  Overlord  
  139  11:29  Baneling Nest  
  139  11:30  Ravager  
  139  11:31  Zergling x2, Roach x3  
  142  11:34  Zergling x4  
  142  11:39  Zergling x2  
  145  11:45  Ravager x2  
  147  11:48  Zergling x18  
  155  11:55  Zergling x10  
  155  12:00  Zergling x4  
  149  12:03  Ravager x2  
  151  12:15  Zergling x20  
  157  12:20  Overlord x2  
  148  12:23  Zergling x2, Roach  
  138  12:30  Zergling x10  
  138  12:36  Zergling x10  
  140  12:39  Zergling x2  
  140  12:40  Zergling x4  
  133  12:44  Zergling x8  
  136  12:51  Roach x3  
  136  12:53  Zergling x4  
  142  13:00  Zergling x10  
Show
View Real Time Build Order
Export as new Build Order

MaxPax Protoss - Winner!

Build Orders: 1 Gate Expand, Mass Adepts 

Get SALT Encoding   

  12  0:00  Probe  
  13  0:12  Probe  
  14  0:17  Pylon  
  14  0:24  Probe (Chrono Boost)  
  15  0:36  Probe (Chrono Boost)  
  15  0:41  Gateway  
  16  0:45  Probe (Chrono Boost)  
  16  0:47  Assimilator  
  17  0:51  Probe  
  18  1:03  Probe  
  19  1:15  Probe  
  20  1:23  Nexus  
  20  1:33  Cybernetics Core  
  20  1:36  Probe  
  21  1:42  Assimilator  
  21  1:48  Probe  
  21  1:52  Pylon  
  22  2:00  Probe  
  23  2:07  Adept (Chrono Boost)  
  23  2:11  Warp Gate  
  23  2:12  Probe  
  26  2:24  Probe  
  26  2:27  Twilight Council  
  26  2:28  Stalker (Chrono Boost)  
  30  2:37  Probe (Chrono Boost)  
  30  2:41  Probe (Chrono Boost)  
  31  2:47  Probe (Chrono Boost)  
  31  2:50  Probe (Chrono Boost)  
  33  2:52  Probe (Chrono Boost)  
  34  3:01  Resonating Glaives (Chrono Boost), Probe, Gateway  
  34  3:03  Gateway  
  36  3:08  Probe  
  36  3:13  Probe  
  36  3:15  Adept  
  39  3:20  Probe  
  39  3:25  Probe  
  41  3:27  Robotics Facility  
  41  3:33  Probe  
  42  3:45  Gateway x2  
  42  3:49  Gateway  
  44  3:57  Pylon  
  44  3:58  Adept x2  
  44  4:01  Pylon  
  46  4:13  Warp Prism (Chrono Boost)  
  46  4:14  Pylon  
  46  4:15  Probe x2  
  50  4:19  Adept x3  
  56  4:28  Probe x2  
  58  4:34  Pylon  
  58  4:36  Assimilator  
  58  4:43  Adept  
  58  4:44  Adept x4  
  68  4:55  Pylon  
  68  5:01  Adept  
  68  5:04  Adept x4  
  68  5:27  Adept x6  
  76  5:29  Probe x2  
  76  5:32  Assimilator  
  60  5:50  Adept x6  
  64  5:58  Probe  
  64  5:59  Robotics Bay  
  65  6:11  Adept x2, Probe  
  63  6:13  Probe  
  59  6:22  Observer (Chrono Boost)  
  59  6:23  Probe  
  59  6:25  Probe  
  62  6:28  Adept  
  64  6:33  Shield Battery  
  64  6:35  Adept x2  
  68  6:43  Disruptor (Chrono Boost), Nexus, Probe  
  68  6:45  Pylon  
  72  6:50  Adept  
  72  6:51  Adept  
  72  6:52  Gravitic Drive (Chrono Boost)  
  74  7:03  Probe, Stalker x2  
  74  7:06  Probe  
  80  7:13  Disruptor (Chrono Boost)  
  80  7:15  Probe  
  84  7:18  Probe  
  85  7:27  Probe  
  86  7:30  Probe  
  86  7:35  Blink (Chrono Boost)  
  87  7:39  Probe  
  87  7:42  Probe  
  87  7:46  Adept x2  
  87  7:47  Adept  
  87  7:48  Pylon  
  94  7:51  Shield Battery, Probe  
  94  7:54  Probe  
  94  7:55  Probe, Stalker  
  98  8:04  Stalker x2  
  102  8:06  Forge, Stalker x2  
  105  8:19  Probe  
  106  8:21  Probe  
  106  8:23  Probe  
  106  8:29  Stalker x5  
  106  8:30  Stalker  
  112  8:36  Probe  
  99  8:45  Probe  
  96  8:55  Stalker x6  
  102  8:57  Probe  
  102  8:58  Assimilator  
  102  8:59  Protoss Ground Weapons Level 1 (Chrono Boost), Assimilator  
  101  9:19  Nexus, Stalker x3  
  101  9:23  Stalker  
  109  9:38  Disruptor (Chrono Boost), Probe x2  
  106  9:40  Stalker x2  
  106  9:43  Probe  
  106  9:45  Pylon  
  112  9:46  Stalker x2  
  112  9:50  Probe  
  112  9:51  Pylon  
  113  9:54  Stalker x2  
  113  9:56  Observer  
  117  10:03  Probe x2  
  119  10:11  Probe  
  116  10:14  Stalker x4  
  116  10:15  Probe  
  116  10:18  Stalker x2  
  129  10:25  Observer  
  127  10:32  Probe x2  
  127  10:34  Probe x2  
  127  10:38  Photon Cannon, Stalker x4  
  135  10:44  Adept x2, Probe x2  
  135  10:46  Probe  
  135  10:47  Protoss Ground Weapons Level 2 (Chrono Boost)  
  135  10:49  Adept x2  
  140  11:01  Stalker x3  
  140  11:02  Stalker  
  148  11:12  Probe x2, Pylon  
  148  11:15  Pylon x2  
  146  11:21  Pylon  
  146  11:25  Probe  
  147  11:27  Disruptor (Chrono Boost)  
  147  11:32  Stalker x5  
  152  11:33  Stalker  
  152  11:37  Probe  
  163  11:40  Assimilator  
  163  11:43  Probe  
  163  11:46  Assimilator  
  160  11:55  Disruptor (Chrono Boost)  
  160  12:00  Adept x4  
  171  12:03  Adept x2  
  171  12:05  Pylon  
  172  12:22  Stalker x4  
  168  12:24  Disruptor (Chrono Boost), Stalker x2  
  173  12:30  Probe  
  173  12:36  Gateway  
  170  12:37  Gateway  
  170  12:39  Probe  
  170  12:40  Gateway  
  167  12:45  Probe  
  167  12:48  Stalker x6  
  180  12:53  Gateway  
  174  13:07  Nexus  
  174  13:08  Pylon  
Tags
 
Add a new tag
Caveats
  • Supply blocks, unpowered buildings, or Contaminate may cause inaccurate times.
  • Supply counts are checked every 10 seconds.